 Dungeon Crawl Stone Soup version 0.23-a0-677-g07611c5 (webtiles) character file.

69 galech the Covered (level 4, -5/35 HPs)
             Began as a Demonspawn Fighter on Jan 9, 2019.
             Slain by a gnoll
             ... wielding a cursed -1 whip
              (7 damage)
             ... on level 1 of the Dungeon.
             The game lasted 00:01:45 (1335 turns).

galech the Covered (Demonspawn Fighter)             Turns: 1335, Time: 00:01:46

Health: -5/35      AC:  7    Str: 17    XL:     4   Next: 2%
Magic:  4/4        EV:  7    Int:  9    God:
Gold:   118        SH:  9    Dex: 13    Spells: 3/3 levels left

rFire    . . .     SeeInvis .   a - +0 war axe
rCold    . . .     Gourm    .   c - +0 shield
rNeg     . . .     Faith    .   b - +0 scale mail
rPois    .         Spirit   .   (helmet restricted)
rElec    .         Reflect  .   (no cloak)
rCorr    .         Harm     .   (no gloves)
MR       .....                  j - -1 pair of boots (curse)
Stlth    ..........             (no amulet)
HPRegen  0.11/turn              (no ring)
MPRegen  0.09/turn              (no ring)

@: no status effects
A: antennae 1, powered by pain 1, rot immunity
a: no special abilities


You were on level 1 of the Dungeon.
You were not hungry.

You visited 1 branch of the dungeon, and saw 2 of its levels.

You collected 118 gold pieces.

Inventory:

Hand Weapons
 a - a +0 war axe (weapon)
Armour
 b - a +0 scale mail (worn)
 c - a +0 shield (worn)
 j - a cursed -1 pair of boots (worn)
Jewellery
 g - an uncursed amulet of the gourmand {unknown}
 n - an uncursed ring of protection from magic {unknown}
Scrolls
 e - 2 scrolls of enchant armour {unknown}
 h - a scroll of fear {unknown}
 k - 2 scrolls of remove curse {unknown}
 l - a scroll of immolation {unknown}
 o - a scroll of identify {unknown}
Potions
 d - a potion of might
 i - a potion of degeneration {unknown}
 m - 2 potions of lignification {unknown}
 q - a potion of magic {unknown}
Comestibles
 f - 2 rations


   Skills:
 + Level 3.2 Fighting
 + Level 2.6 Axes
 + Level 3.3 Armour
 + Level 1.0 Dodging
 + Level 3.0 Shields


You had 3 spell levels left.
You didn't know any spells.
Your spell library was empty.

Dungeon Overview and Level Annotations

Branches:
Dungeon (2/15)

Altars:
Dithmenos


Innate Abilities, Weirdness & Mutations

You have a pair of small antennae on your head.
You sometimes gain a little power by taking damage.
You are immune to rotting.


Message History

You are too injured to fight recklessly!
You hit the gnoll.
The gnoll is heavily wounded.
You hit the gnoll. The gnoll hits you with a +0 spear.
* * * LOW HITPOINT WARNING * * *
The gnoll hits you but does no damage.
You completely miss the gnoll.
The gnoll is heavily wounded.
You hit the gnoll but do no damage. The gnoll barely misses you.
The gnoll closely misses you. The gnoll hits you with a +0 spear!
* * * LOW HITPOINT WARNING * * *
You block the gnoll's attack.
You slash the gnoll!
You kill the gnoll!
You have reached level 4!
You feel stronger.
Your demonic ancestry asserts itself...
You feel immune to rotting.
You barely miss the gnoll.
The gnoll hits you with a cursed -1 whip!
You die...

########### ####
#......)..#
...###.#######.#
############## .......#
##.## #.............
.....### #...#
#.###.######.# ......#
###...####.# #.# #.#
......#####.......##.#
#.# #.#
......##........@....#
#.######.#
.....###.##.....g)####
#.......>#
....###[..###...###
#..##.....
................#
#(.##.####
...####...###..##
#..##.#
............#..#
#..##.#
...########.#..##
#####..##.# ...#
#.#...####.........####
#..#
#.#.....######.........


You could see a gnoll.

Vanquished Creatures
  A hound (D:2)
  2 gnolls
  A giant cockroach (D:1)
  2 hobgoblins
  5 kobolds
  A quokka (D:2)
  A ball python (D:1)
  6 bats
  2 frilled lizards (D:1)
  2 goblins (D:2)
  3 rats
26 creatures vanquished.

Notes
Turn   | Place    | Note
-------+----------+-------------------------------------------
     0 | D:1      | galech the Demonspawn Fighter began the quest for the Orb.
     0 | D:1      | Reached XP level 1. HP: 18/18 MP: 1/1
   377 | D:1      | Gained mutation: You sometimes gain a little power by
                  | taking damage. [demonic ancestry]
   377 | D:1      | Reached XP level 2. HP: 24/24 MP: 2/2
   991 | D:2      | Gained mutation: You have a pair of small antennae on your
                  | head. [demonic ancestry]
   991 | D:2      | Reached XP level 3. HP: 29/29 MP: 3/3
  1012 | D:2      | Found a shadowy altar of Dithmenos.
  1059 | D:2      | Reached skill level 1 in Dodging
  1335 | D:1      | Gained mutation: You are immune to rotting. [demonic
                  | ancestry]
  1335 | D:1      | Reached XP level 4. HP: 2/35 MP: 4/4
  1335 | D:1      | Slain by a gnoll

Vault maps used:
D:1:      noname_arrival_rooms_in_the_neighbourhood,
          chequers_serial_rivers_small_b, minmay_misc_feat_roman, minivault_27,
          minmay_pentomino_s2
D:2:      grunt_dithmenos_smoke, minivault_26, grunt_ministairs_8

Skill      XL: |  1  2  3 |
---------------+----------+-----
Shields        | 3 |  3.0
Armour         | 3 |  3.3
Axes           | 2 |  2.6
Dodging        | 1 |  1.0
Fighting       | |  3.2

Action                   |  1- 3 |  4- 6 || total
-------------------------+-------+-------++-------
Melee: War axe           |    81 |       ||    81
  Eat: Chunk             |     1 |       ||     1
Armor: Scale mail        |    43 |       ||    43
Dodge: Dodged            |    18 |       ||    18
Block: Shield            |    57 |       ||    57

Table legend:
 A = Non-vault XP
 B = Vault XP
 C = Vault XP percentage of total XP
 D = Non-vault monster count
 E = Vault monster count
 F = Vault count percentage of total count
                 A         B        C        D         E       F
            +---------+---------+-------+---------+---------+-------
      Total |      97 |       2 |   2.0 |      24 |       2 |   7.7
            +---------+---------+-------+---------+---------+-------
        D:1 |      28 |       2 |   6.7 |      12 |       2 |  14.3
        D:2 |      69 |       0 |   0.0 |      12 |       0 |   0.0
            +---------+---------+-------+---------+---------+-------
